 Dungeon Crawl Stone Soup version 0.26-a0-1177-g1209ec82b9 (webtiles) character file.

Game seed: 365917056011404211

488 vvl the Skirmisher (level 6, -2/36 (48) HPs)
             Began as a Demonspawn Fighter on Dec 25, 2020.
             Killed by divine providence
             ... invoked by an orc priest
              (16 damage)
             ... on level 4 of the Dungeon.
             The game lasted 00:07:33 (2796 turns).

vvl the Skirmisher (Demonspawn Fighter)             Turns: 2796, Time: 00:07:33

HP:   -2/36 (48)    AC:  9    Str: 18    XL:     6   Next: 90%
MP:   7/7           EV:  5    Int: 10    God:
Gold: 279           SH:  9    Dex: 12    Spells: 7/7 levels left

rFire    . . .     SeeInvis .   p - +6 hand axe
rCold    . . .     Faith    .   c - +0 kite shield
rNeg     . . .     Spirit   .   q - +0 chain mail
rPois    .         Reflect  .   (no helmet)
rElec    .         Harm     .   (no cloak)
rCorr    .         Rampage  .   (no gloves)
Will     .....                  (no boots)
Stlth    ..........             (no amulet)
HPRegen  0.12/turn              (no ring)
MPRegen  0.10/turn              (no ring)

@: slowed, very heavily drained, very slow
A: hooves 1, powered by death 3
a: no special abilities


You were on level 4 of the Dungeon.
You visited 1 branch of the dungeon, and saw 4 of its levels.

You collected 279 gold pieces.

Inventory:

Hand Weapons
 j - a +2 dagger of speed
 p - a +6 hand axe (weapon)
Armour
 c - a +0 kite shield (worn)
 q - a +0 chain mail (worn)
Scrolls
 b - a scroll of teleportation {unknown}
 e - 2 scrolls of fog {unknown}
 f - a scroll of blinking {unknown}
 g - 2 scrolls of enchant armour {unknown}
 i - a scroll of immolation {unknown}
 k - 2 scrolls of identify {unknown}
 m - a scroll of random uselessness {unknown}
 n - 2 scrolls of remove curse {unknown}
Potions
 a - a potion of berserk rage {unknown}
 h - a potion of invisibility {unknown}
 l - a potion of flight {unknown}
 r - a potion of curing {unknown}


   Skills:
 + Level 4.1 Fighting
 * Level 3.4 Axes
 + Level 3.8 Armour
 + Level 3.7 Shields
 - Level 1.0 Spellcasting
 * Level 3.8 Necromancy


You had 7 spell levels left.
You didn't know any spells.
Your spell library contained the following spells:

 Spells                   Type           Power        Failure   Level
 Magic Dart               Conj           0%           100%        1
 Blink                    Tloc           N/A          100%        2
 Call Imp                 Summ           0%           100%        2
 Slow                     Hex            0%           100%        2
 Conjure Flame            Conj/Fire      0%           100%        3
 Mephitic Cloud           Conj/Pois/Air  0%           100%        3


Dungeon Overview and Level Annotations

Branches:
Dungeon (4/15)
 Temple: D:4-7

Altars:
Dithmenos
Gozag
Nemelex Xobeh
Ru
Vehumet
Wu Jian
Zin
The Shining One


Innate Abilities, Weirdness & Mutations

You have large cloven feet.
You regenerate a lot of health from kills.


Message History

The orc wizard hits you but does no damage.
You feel drained. The iguana bites you!
You hit the orc wizard.
The orc wizard is moderately wounded.
You hit the iguana.
The orc wizard hits you but does no damage.
You feel drained.
The orc wizard gestures at you while chanting.
You block the puff of frost.
The iguana bites you but does no damage.
The orc wizard completely misses you. The iguana bites you!
You hit the orc wizard but do no damage.
The orc wizard is moderately wounded.
You barely miss the iguana.
The orc wizard hits you but does no damage.
You feel drained. You block the orc wizard's attack.
You block the iguana's attack.
The orc priest calls down the wrath of Beogh upon you.
Beogh smites you!
You die...

#.#. #.#.
#...
#...####
###...#.<#
#...ZS##†#
#.ol##.#
#o@..#
####.#
....
......
########


You could see an iguana, an orc priest, an orc wizard (fast), an adder and a
centaur skeleton.

Vanquished Creatures
  Grinder (D:3)
  An orc priest (D:3)
  3 orc wizards
  4 gnolls
  5 adders
  5 worms
  3 dart slugs
  3 leopard geckos
  11 orcs (D:3)
  A bat (D:3)
  A giant cockroach (D:3)
  4 goblins
  18 hobgoblins
  7 kobolds
  A ball python (D:2)
  4 frilled lizards
  6 rats (D:1)
78 creatures vanquished.

Vanquished Creatures (others)
  4 plants (D:3)
4 creatures vanquished.

Grand Total: 82 creatures vanquished

Notes
Turn   | Place    | Note
-------+----------+-------------------------------------------
     0 | D:1      | vvl the Demonspawn Fighter began the quest for the Orb.
     0 | D:1      | Reached XP level 1. HP: 18/18 MP: 1/1
    53 | D:1      | Gained mutation: You regenerate a little health from kills.
                  | [demonic ancestry]
    53 | D:1      | Reached XP level 2. HP: 21/24 MP: 2/2
   263 | D:1      | Reached XP level 3. HP: 11/29 MP: 2/4
  1012 | D:2      | Reached skill level 1 in Necromancy
  1134 | D:2      | Reached skill level 1 in Spellcasting
  1256 | D:2      | Found a glowing golden altar of the Shining One.
  1363 | D:2      | Found a glowing golden altar of the Shining One.
  1671 | D:2      | Found a shadowy altar of Dithmenos.
  1685 | D:2      | Gained mutation: You have large cloven feet. [demonic
                  | ancestry]
  1685 | D:2      | Reached XP level 4. HP: 30/35 MP: 5/5
  1817 | D:2      | Found a sacrificial altar of Ru.
  2012 | D:3      | Found an opulent altar of Gozag.
  2041 | D:3      | Found an ornate altar of the Wu Jian Council.
  2205 | D:3      | Found a glowing silver altar of Zin.
  2213 | D:3      | Found a radiant altar of Vehumet.
  2213 | D:3      | Found a sparkling altar of Nemelex Xobeh.
  2246 | D:3      | Gained mutation: You regenerate health from kills. [demonic
                  | ancestry]
  2246 | D:3      | Reached XP level 5. HP: 36/41 MP: 6/6
  2517 | D:3      | Gained mutation: You regenerate a lot of health from kills.
                  | [demonic ancestry]
  2517 | D:3      | Reached XP level 6. HP: 48/48 MP: 7/7
  2537 | D:3      | Noticed Grinder
  2540 | D:3      | Paralysed by Grinder for 2 turns
  2546 | D:3      | Paralysed by Grinder for 7 turns
  2558 | D:3      | Killed Grinder
  2559 | D:3      | Reached skill level 4 in Fighting
  2796 | D:4      | Killed from afar by an orc priest

Illustrated notes

Levels and vault maps discovered:
D:1:      evilmike_arrival_hilbert_curve, layout_basic, minmay_nonomino_d4
D:2:      layout_loops_ring, lemuel_coloured_pillars_altar,
          nicolae_overflow_hidden_temple, grunt_dithmenos_smoke_and_mirrors,
          kennysheep_nub, dk_vineyard_3, kennysheep_another_room,
          dk_noncrumbling_4, tso_metal_star
D:3:      layout_basic, gammafunk_temple_overflow_forgotten, minitemple,
          minivault_4, uniq_grinder
D:4:      layout_basic

Skill      XL: |  1  2  3  4  5  6 |
---------------+-------------------+-----
Axes           | 2 3 |  3.4
Armour         | 3 |  3.8
Necromancy     | 1 2 3 |  3.8
Shields        | 3 |  3.7
Spellcasting   | 1 |  1.0
Fighting       | 4 |  4.1

Action                   |  1- 3 |  4- 6 || total
-------------------------+-------+-------++-------
Melee: War axe           |   120 |    43 ||   163
       Hand axe          |       |    80 ||    80
       Kick              |       |    19 ||    19
  Use: Potion            |       |     2 ||     2
Armor: Scale mail        |    54 |    18 ||    72
       Chain mail        |       |    50 ||    50
Dodge: Dodged            |    35 |    25 ||    60
Block: Kite shield       |    46 |    57 ||   103

Table legend: (Time is in decaauts)
 A = Elapsed time spent in this place.
 B = Non-inter-level travel time spent in this place.
 C = Inter-level travel time spent in this place.
 D = Time resting spent in this place.
 E = Time spent auto-exploring this place.
 F = Levels seen in this place.
 G = Mean time per level.
                   A        B        C        D        E       F      G
               +--------+--------+--------+--------+--------+-----+--------+
         Total |   2909 |   2823 |     86 |      0 |   2276 |   4 |  727.2 |
       Dungeon |   2909 |   2823 |     86 |      0 |   2276 |   4 |  727.2 |
               +--------+--------+--------+--------+--------+-----+--------+

Top non-repeatable levels by time:
     D:2: 1176 daAuts
     D:1: 895 daAuts
     D:3: 815 daAuts
     D:4: 22 daAuts
